 Dungeon Sprint DCSS version 0.29.1-13-g9f3cf754e1 (webtiles) character file.

Game seed: 15216747488599280151

1201 Groucho the Unseen (level 8, -4/67 HPs)
             Began as a Felid Berserker on Feb 5, 2023.
             Was a High Priest of Trog.
             Slain by Harold
             ... wielding a +2 halberd of distortion
              (8 damage)
             ... in the Dungeon (Sprint IX: "|||||||||||||||||||||||||||||").
             The game lasted 00:03:09 (1517 turns).

Groucho the Unseen (Felid Berserker)                Turns: 1517, Time: 00:03:09

Health: -4/67      AC:  4    Str: 14    XL:     8   Next: 21%
Magic:  9/9        EV: 28    Int: 15    God:    Trog [*****.]
Gold:   0          SH:  0    Dex: 17    Spells: 7/7 levels left
                                        Lives:  0   Deaths: 2

rFire   . . .      SeeInvis +     - Unarmed
rCold   + . .      Faith    .   (shield unavailable)
rNeg    . . .      Spirit   .   (body armour unavailable)
rPois   .          Reflect  .   (helmet unavailable)
rElec   .          Harm     .   (cloak unavailable)
rCorr   .          Rampage  .   (gloves unavailable)
Will    +++..      NoTele   +   (boots unavailable)
Stlth   ..........              (no amulet)
HPRegen 1.21/turn               i - +2 ring of protection
MPRegen 0.11/turn               j - +3 ring of intelligence

@: berserking (expiring), strong-willed, regenerating, very quick
A: very small, claws 1, fangs 3, see invisible, speed 1, shaggy fur 2, stealthy
paws, no weapons or thrown items, no armour, multi-lived, clever 1, cold
resistance 1
a: Renounce Religion, Berserk, Trog's Hand, Brothers in Arms


You were in the Dungeon.
You worshipped Trog.
Trog was extremely pleased with you.
You visited 1 branch

Inventory:

Jewellery
 i - a +2 ring of protection (left paw)
 j - a +3 ring of intelligence (right paw)
Wands
 h - a wand of acid (10)
Scrolls
 f - 2 scrolls of blinking
 g - a scroll of fog
 k - 3 scrolls of identify
Potions
 a - 6 potions of curing
 b - 7 potions of heal wounds
 c - a potion of resistance
 d - 4 potions of magic
 e - a potion of berserk rage


   Skills:
 + Level 11.9 Fighting
 + Level 15.2 Dodging
 + Level 15.9 Stealth
 + Level 11.9 Unarmed Combat


You had 7 spell levels left.
You didn't know any spells.
Your spell library was empty.

Dungeon Overview and Level Annotations

Branches:
Dungeon (1/1)

Altars:
Cheibriados
Dithmenos
Elyvilon
Fedhas
Gozag
Hepliaklqana
Kikubaaqudgha
Makhleb
Nemelex Xobeh
Okawaru
Qazlal
Ru
Sif Muna
Trog
Uskayaw
Vehumet
Wu Jian
Xom
Yredelemnul
Zin
The Shining One
Jiyva
Lugonu

Annotations:
D Harold


Innate Abilities, Weirdness & Mutations

You have sharp claws.
You have razor-sharp teeth.
You have supernaturally acute eyesight. (SInv)
You cover ground quickly. (Speed+)
You are covered in thick fur. (AC +2)
Your paws help you pounce on unaware monsters.
You are incapable of wielding weapons or throwing items.
You cannot wear armour.
You gain extra lives every three experience levels.
Your mind is acute. (Int +4, Str/Dex -1)
Your flesh is cold resistant. (rC+)


Message History

Unknown command.
Harold the Weathered comes into view.
He is wielding a +2 halberd of distortion.
Unknown command.
Harold shouts!
Harold fires a harpoon shot at you. The harpoon shot misses you.
Harold throws a throwing net.
The throwing net hits you.
You become entangled in the net!
You see here a throwing net.
You struggle against the net.
Harold fires a harpoon shot at you. The harpoon shot hits you!
You are yanked forward by the harpoon shot.
Okay, then.
Your skin crawls.
You feel strong-willed. Harold completely misses you.
A red film seems to cover your vision as you go berserk!
You feel yourself moving faster!
You feel mighty! Harold closely misses you.
You claw Harold!
Harold is lightly wounded.
You mangle Harold!!
Harold is heavily wounded.
Harold hits you with a +2 halberd of distortion!!
Space warps around you.
You barely miss Harold.
Harold is heavily wounded.
You scratch Harold.
Harold is heavily wounded.
Harold hits you with a +2 halberd of distortion!!
* * * LOW HITPOINT WARNING * * *
Unknown command.
You mangle Harold!!
Harold is severely wounded.
You completely miss Harold.
Harold is severely wounded.
Harold hits you with a +2 halberd of distortion.
* * * LOW HITPOINT WARNING * * *
Space warps horribly around you!
You die...

▓.▓.▓§▓
▓†▓.▓.▓.▓
▓)▓.▓S▓.▓
▓)▓.▓.▓.▓
▓'▓.▓.▓.▓
▓.▓.▓.▓.▓
▓.▓.▓.▓.▓.▓
▓.▓.▓'▓@▓.▓
▓)▓.▓.▓@▓.▓
▓)▓.▓.▓.▓.▓
▓†▓.▓.▓.▓.▓
▓.▓.▓.▓.▓.▓
▓.▓.▓.▓.▓.▓
▓.▓§▓S▓.▓.▓
▓<▓†YS▓...▓
▓▓▓▓▓▓▓▓▓▓▓


You could see Harold.

Vanquished Creatures
  2 two-headed ogres (D)
  An ugly thing (D)
  A manticore (D)
  A gargoyle (D)
  A kobold demonologist (D)
  A troll (D)
  2 vampires (D)
  A vampire mosquito (D)
  A water moccasin (D)
  A black bear (D)
  3 orc wizards (D)
  A white imp (D)
  A dart slug (D)
  An orc (D)
  2 giant cockroaches (D)
  2 goblins (D)
  A ball python (D)
23 creatures vanquished.

Notes
Turn   | Place    | Note
-------+----------+-------------------------------------------
     0 | D        | Groucho the Felid Berserker began the quest for the Orb.
     0 | D        | Reached XP level 1. HP: 10/10 MP: 2/2
     8 | D        | Reached skill level 1 in Stealth
    10 | D        | Reached ** piety under Trog
   154 | D        | Noticed a black bear
   154 | D        | Noticed an orc wizard
   159 | D        | Killed an orc wizard
   160 | D        | Reached skill level 5 in Dodging
   160 | D        | Reached XP level 2. HP: 15/15 MP: 3/3
   160 | D        | Reached XP level 3. HP: 18/18 MP: 4/4
   162 | D        | Reached *** piety under Trog
   167 | D        | Killed a black bear
   168 | D        | Reached skill level 5 in Fighting
   168 | D        | Reached skill level 5 in Unarmed Combat
   168 | D        | Reached XP level 4. HP: 23/23 MP: 5/5
   173 | D        | Found a snail-covered altar of Cheibriados.
   173 | D        | Found a shadowy altar of Dithmenos.
   173 | D        | Found a white marble altar of Elyvilon.
   173 | D        | Found a blossoming altar of Fedhas.
   173 | D        | Found an opulent altar of Gozag.
   174 | D        | Found a hazy altar of Hepliaklqana.
   175 | D        | Found a viscous altar of Jiyva.
   176 | D        | Found an ancient bone altar of Kikubaaqudgha.
   177 | D        | Found a corrupted altar of Lugonu.
   178 | D        | Found a burning altar of Makhleb.
   179 | D        | Found a sparkling altar of Nemelex Xobeh.
   180 | D        | Found an iron altar of Okawaru.
   181 | D        | Found a stormy altar of Qazlal.
   182 | D        | Found a sacrificial altar of Ru.
   183 | D        | Found a shimmering blue altar of Sif Muna.
   184 | D        | Found a bloodstained altar of Trog.
   185 | D        | Found a hide-covered altar of Uskayaw.
   186 | D        | Found a radiant altar of Vehumet.
   187 | D        | Found an ornate altar of the Wu Jian Council.
   188 | D        | Found a shimmering altar of Xom.
   189 | D        | Found a basalt altar of Yredelemnul.
   190 | D        | Found a glowing silver altar of Zin.
   191 | D        | Found a glowing golden altar of the Shining One.
   219 | D        | Noticed a kobold demonologist
   219 | D        | Noticed a two-headed ogre
   219 | D        | Noticed a troll
   219 | D        | Noticed a gargoyle
   219 | D        | Noticed a two-headed ogre
   223 | D        | Killed a two-headed ogre
   223 | D        | Reached **** piety under Trog
   224 | D        | Reached XP level 5. HP: 30/30 MP: 6/6
   224 | D        | Gained mutation: You are covered in thick fur. (AC +2)
                  | [Felid growth]
   224 | D        | Reached XP level 6. HP: 34/34 MP: 7/7
   224 | D        | Reached XP level 7. HP: 37/37 MP: 8/8
   228 | D        | Killed a gargoyle
   233 | D        | Killed a troll
   234 | D        | Reached XP level 8. HP: 35/43 MP: 9/9
   241 | D        | Killed a two-headed ogre
   242 | D        | Reached skill level 10 in Fighting
   242 | D        | Reached skill level 10 in Unarmed Combat
   243 | D        | Reached ***** piety under Trog
   248 | D        | Killed a kobold demonologist
   249 | D        | Reached XP level 9. HP: 36/47 MP: 10/10
   431 | D        | Noticed a manticore
   431 | D        | Noticed a red ugly thing
   447 | D        | HP: 3/70 [red ugly thing (10)]
   447 | D        | Mangled by a red ugly thing
   448 | D        | Reached XP level 8. HP: -12/66 MP: 9/9
   478 | D        | Killed a manticore
   479 | D        | Reached skill level 15 in Stealth
   487 | D        | Killed a red ugly thing
   488 | D        | Reached skill level 15 in Dodging
   488 | D        | Reached XP level 9. HP: 49/49 MP: 10/10
  1377 | D        | Gained mutation: Your magical capacity is low. (-10% MP)
                  | [potion of mutation]
  1377 | D        | Gained mutation: You have a pair of small antennae on your
                  | head. [potion of mutation]
  1377 | D        | Gained mutation: Your flesh is cold resistant. (rC+)
                  | [potion of mutation]
  1378 | D        | Lost mutation: You have a pair of small antennae on your
                  | head. [potion of mutation]
  1378 | D        | Lost mutation: Your magical capacity is low. (-10% MP)
                  | [potion of mutation]
  1378 | D        | Gained mutation: Your mind is acute. (Int +4, Str/Dex -1)
                  | [potion of mutation]
  1390 | D        | Noticed a komodo dragon
  1390 | D        | Noticed a catoblepas
  1390 | D        | Noticed a black mamba
  1496 | D        | Slain by a catoblepas
  1497 | D        | Reached XP level 8. HP: -5/45 MP: 9/9
  1501 | D        | Noticed Harold
  1517 | D        | Slain by Harold

Illustrated notes

Levels and vault maps discovered:
D:        linesprint [early_d, line_temple, items_1, d_10, items_2, lair_1,
          lair_end, items_3, orc_1, orc_end, items_4, d_15, swamp_1, shoals_1,
          snake_1, spider_1, d_20, vaults_1, items_5, swamp_end, shoals_end,
          snake_end, spider_end, vaults_end, d_27, items_6, zot_1, zot_end,
          crypt_end, forest_end, elf_end, slime_end, tomb_end, abyss_end,
          pan_hell_end]

Skill      XL: |  1  2  3  4  5  6  7  8 |
---------------+-------------------------+-----
Stealth        | 4 6 11 12 15 | 15.9
Fighting       | 4 5 8 9 11 | 11.9
Dodging        | 5 7 11 12 15 | 15.2
Unarmed Combat | 4 5 8 9 11 | 11.9

Action                   |  1- 3 |  4- 6 |  7- 9 || total
-------------------------+-------+-------+-------++-------
Melee: Unarmed           |    16 |     5 |    66 ||    87
       Bite              |     3 |       |    10 ||    13
       Punch             |       |       |     6 ||     6
Invok: Berserk           |     2 |       |     4 ||     6
       Trog's Hand       |     1 |       |     4 ||     5
       Brothers in Arms  |       |       |     1 ||     1
  Use: Potion            |       |     2 |     2 ||     4
 Stab: Invisible         |       |     1 |     4 ||     5
       Sleeping          |       |     1 |     1 ||     2
Armor: Skin              |       |       |     2 ||     2
Dodge: Dodged            |     6 |     2 |    27 ||    35
